 Dungeon Crawl Stone Soup version 0.13.0-28-g1b50097 (webtiles) character file.

282 Kae the Firebug (level 5, 0/28 HPs)
             Began as a Tengu Fire Elementalist on Nov 3, 2013.
             Slain by a shadow imp (4 damage)
             ... summoned by Eustachio
             ... while paralysed by a giant eyeball
             ... on Level 4 of the Dungeon.
             The game lasted 00:06:55 (2810 turns).

Kae the Firebug (Tengu Fire Elementalist)           Turns: 2810, Time: 00:06:56

HP   0/28        AC  2     Str  8      XL: 5   Next: 19%
MP   5/12        EV  2     Int 16      God:
Gold 146         SH  0     Dex 15      Spells:  3 memorised,  3 levels left

Res.Fire  : + . .   See Invis. : .   t - +3,+1 short sword (freeze)
Res.Cold  : . . .   Warding    : .   a - +0 robe
Life Prot.: . . .   Conserve   : .   (no shield)
Res.Poison: .       Res.Corr.  : .   (helmet restricted)
Res.Elec. : .       Clarity    : .   (no cloak)
Sust.Abil.: . .     Spirit.Shd : .   (no gloves)
Res.Mut.  : .       Stasis     : .   (boots unavailable)
Res.Rott. : .       Flight     : .   (no amulet)
Saprovore : . . .                    (no ring)
                                     p - cursed ring of protection from fire

@: paralysed, slightly resistant to hostile enchantments, fairly stealthy
A: able to fly, beak, talons 3
a: Fly


You were on level 4 of the Dungeon.
You were not hungry.

You visited 1 branch of the dungeon, and saw 4 of its levels.

You collected 126 gold pieces.

Inventory:

Hand weapons
 t - a +3,+1 short sword of freezing (weapon)
Missiles
 d - 64 darts (quivered)
Armour
 a - a +0 robe (worn)
Comestibles
 c - 3 bread rations
 g - a chunk of adder flesh
 j - 2 meat rations
Scrolls
 l - a scroll of curse jewellery
 m - a scroll of identify
 r - a scroll of magic mapping {unknown}
Jewellery
 h - an uncursed ring of positive energy {unknown}
 n - an uncursed ring of positive energy {unknown}
 p - a cursed ring of protection from fire (left hand)
Potions
 e - 2 potions of restore abilities {unknown}
 f - 2 potions of speed {unknown}
 i - 3 potions of curing {unknown}
 k - 2 potions of heal wounds
 o - a potion of resistance {unknown}
 s - a potion of confusion {unknown}
 u - a potion of slowing {unknown}
Books
 b - a book of Flames

   Spells                             Type                      Level
   *Flame Tongue                      Conjuration/Fire             1
   *Throw Flame                       Conjuration/Fire             2
   *Conjure Flame                     Conjuration/Fire             3
   Inner Flame                        Hexes/Fire                   3
   Sticky Flame                       Conjuration/Fire             4
   Fireball                           Conjuration/Fire             5
 q - a book of Enchantments

   Spells                             Type                      Level
   Cause Fear                         Hexes                        4
   Silence                            Hexes/Air                    5
   Tukima's Dance                     Hexes                        5
   Deflect Missiles                   Charms/Air                   6
   Haste                              Charms                       6
   Discord                            Hexes                        8


   Skills:
 - Level 2.1 Dodging
 - Level 2.0 Stealth
 + Level 2.9 Spellcasting
 + Level 3.4 Conjurations
 + Level 4.3 Fire Magic


You had 3 spell levels left.
You knew the following spells:

 Your Spells              Type           Power        Failure   Level  Hunger
a - Flame Tongue          Conj/Fire      ##...        4%          1    #......
b - Throw Flame           Conj/Fire      ##....       8%          2    ##.....
c - Conjure Flame         Conj/Fire      ##......     12%         3    ###....


Dungeon Overview and Level Annotations

Branches:
Dungeon (4/27)
 Temple: D:4-7

Altars:

Annotations:
D:3 Grinder
D:4 Eustachio


Innate Abilities, Weirdness & Mutations

You can fly.
You have a beak for a mouth.
You have claws for feet.


Message History

Press: ? - help, Shift-Dir - straight line, f/p - Eustachio
Aim: Eustachio, wielding a falchion and wearing a leather armour (heavily wounded)
The flame hits Eustachio.
Eustachio is severely wounded.
Eustachio misses you. The iron imp misses you.
Casting: Flame Tongue
Confirm with . or Enter, or press ? or * to list all spells.
Aiming: Flame Tongue
Press: ? - help, Shift-Dir - straight line, f/p - Eustachio
Aim: Eustachio, wielding a falchion and wearing a leather armour (severely wounded)
The flame misses Eustachio.
Eustachio hits you but does no damage. The iron imp hits you!
The giant eyeball stares at you.
You suddenly lose the ability to move!
Eustachio casts a spell.
The iron imp hits you.
* * * LOW HITPOINT WARNING * * *
Eustachio hits you with a falchion.
* * * LOW HITPOINT WARNING * * *
The shadow imp hits you.
You die...

#..........$#
#.....).?...#
#.......<...#
######..........$####
..............G....>.
..)..................
.....................
...###.........5@###
#### #.........5@#
#..........5#
#...........#
#...........#
#...........#
#...........#
#...........#
#...........#
#...........#


You could see Eustachio, a giant eyeball, an iron imp, a crimson imp and a
shadow imp.

Vanquished Creatures
  Terence (D:3)
  6 adders
  A gnoll (D:1)
  A giant mite (D:3)
  3 giant geckos
  An ooze (D:1)
  An orc (D:3)
  2 ball pythons
  4 bats
  4 giant cockroaches
  6 hobgoblins
  4 kobolds
  3 giant newts
  4 goblins
  4 jackals
  5 rats
50 creatures vanquished.

Notes
Turn   | Place    | Note
--------------------------------------------------------------
     0 | D:1      | Kae, the Tengu Fire Elementalist, began the quest for the Orb.
     0 | D:1      | Reached XP level 1. HP: 10/10 MP: 3/3
   165 | D:1      | Reached XP level 2. HP: 7/15 MP: 0/5
   642 | D:2      | Reached XP level 3. HP: 19/19 MP: 0/7
   849 | D:2      | Reached skill level 4 in Fire Magic
  1390 | D:3      | Reached XP level 4. HP: 24/24 MP: 7/9
  1452 | D:3      | Noticed Grinder
  1494 | D:3      | Learned a level 2 spell: Throw Flame
  1498 | D:3      | Learned a level 3 spell: Conjure Flame
  1699 | D:3      | Paralysed by Grinder for 4 turns
  1715 | D:3      | Paralysed by Grinder for 4 turns
  2103 | D:3      | Noticed Terence
  2124 | D:3      | Killed Terence
  2541 | D:4      | Noticed Eustachio
  2543 | D:4      | Paralysed by a giant eyeball for 4 turns
  2553 | D:4      | Paralysed by a giant eyeball for 4 turns
  2565 | D:3      | Reached XP level 5. HP: 11/28 MP: 5/12
  2801 | D:4      | Paralysed by a giant eyeball for 3 turns
  2808 | D:4      | Paralysed by a giant eyeball for 3 turns
  2810 | D:4      | Slain by a shadow imp

Action                   |  1- 3 |  4- 6 || total
-------------------------+-------+-------++-------
Melee: Unarmed           |    20 |     8 ||    28
       Short sword       |       |     5 ||     5
 Cast: Flame Tongue      |    44 |    59 ||   103
       Conjure Flame     |       |     3 ||     3
       Throw Flame       |       |     6 ||     6
  Use: Scroll            |       |     5 ||     5
       Potion            |       |     1 ||     1
 Stab: Sleeping          |       |     1 ||     1
